 Dungeon Crawl Stone Soup version 0.30-a0-1103-g25895a7845 (webtiles) character file.

Game seed: 12085299131270290303

18790 Newt the Pandemonic (level 12, -12/77 (96) HPs)
             Began as a Demonspawn Gladiator on Apr 18, 2023.
             Was a High Priest of Makhleb.
             Killed from afar by Nergalle (35 damage)
             ... with a bolt of negative energy
             ... on level 2 of the Lair of Beasts.
             The game lasted 00:19:49 (13943 turns).

Newt the Pandemonic (Demonspawn Gladiator)         Turns: 13943, Time: 00:19:50

HP:   -12/77 (96)   AC: 10    Str: 24    XL:     12   Next: 30%
MP:   18/18         EV: 13    Int: 11    God:    Makhleb [*****.]
Gold: 1078          SH:  4    Dex: 13    Spells: 11/11 levels left

rFire   . . .      SeeInvis .    B - +2 morningstar "Kahijeh" {elec, rC++ Will++ Dex-2}
rCold   + + .      Faith    .    (no shield)
rNeg    . . .      Spirit   .    S - +3 troll leather armour
rPois   .          Reflect  .    (helmet restricted)
rElec   .          Rampage  .    A - +0 cloak
rCorr   .                        (gloves unavailable)
Will    +++..                    (no boots)
Stlth   +                        O - amulet of regeneration
HPRegen 1.92/turn                v - +6 ring of strength
MPRegen 0.16/turn                q - ring of willpower

@: heavily drained
A: foul stench 3, robust 1, sharp scales 1, condensation shield, demonic touch
3, antennae 1, talons 1, low MP 1, sense surroundings 1, noise suppression
a: Renounce Religion, Minor Destruction, Lesser Servant of Makhleb, Major
Destruction, Greater Servant of Makhleb


You were on level 2 of the Lair of Beasts.
You worshipped Makhleb.
Makhleb was extremely pleased with you.
You visited 3 branches of the dungeon, and saw 13 of its levels.
You also visited: Sewer and Bailey.

You collected 1357 gold pieces.
You spent 279 gold pieces at shops.

Inventory:

Hand Weapons
 a - a +0 rapier
 g - a +3 short sword of freezing
 y - a +1 whip of draining
 B - the +2 morningstar "Kahijeh" (weapon) {elec, rC++ Will++ Dex-2}
   (You bought it in a shop on level 4 of the Dungeon)

   Dex:       It affects your dexterity (-2).
   rC:        It greatly protects you from cold.
   Will:      It greatly increases your willpower.
 F - a +0 flail of protection
 H - a +0 hand axe
Missiles
 d - 10 throwing nets
 x - 21 poisoned darts
 z - a javelin
 J - a curare-tipped dart
 R - 2 boomerangs (quivered)
Armour
 b - a +0 leather armour
 c - a +1 helmet
 e - a +2 helmet
 i - a +2 chain mail of positive energy
 s - the +3 chain mail of Midnight {rElec Str+3 Int+2}
   (You took it off a gnoll in a bailey)

   Str:       It affects your strength (+3).
   Int:       It affects your intelligence (+2).
   rElec:     It insulates you from electricity.
 A - a +0 cloak (worn)
 S - a +3 troll leather armour (worn)
Jewellery
 p - a ring of flight
 q - a ring of willpower (right hand)
 r - an amulet of the acrobat
 v - a +6 ring of strength (left hand)
 w - a ring of fire
 O - an amulet of regeneration (around neck)
 T - a ring of positive energy
 U - a ring of protection from fire
 V - a ring of fire
Wands
 f - a wand of digging (9)
 m - a wand of mindburst (8)
 G - a wand of roots (13)
 M - a wand of charming (10)
 N - a wand of flame (19)
Scrolls
 k - 4 scrolls of magic mapping
 o - a scroll of blinking
 u - 3 scrolls of amnesia
 I - 9 scrolls of teleportation
 P - a scroll of enchant weapon
 Q - a scroll of enchant armour
Potions
 h - 2 potions of curing
 j - 2 potions of flight
 l - a potion of mutation
 n - 2 potions of invisibility
 t - a potion of attraction
 C - a potion of brilliance
 D - 3 potions of degeneration {unknown}
 E - a potion of cancellation
 K - 2 potions of haste {unknown}
 L - 3 potions of lignification {unknown}


   Skills:
 - Level 6.0 Fighting
 - Level 5.7 Short Blades
 - Level 9.2 Maces & Flails
 - Level 6.0 Throwing
 - Level 8.7 Armour
 - Level 4.0 Dodging
 + Level 11.9 Invocations
 - Level 6.0 Evocations


You had 11 spell levels left.
You didn't know any spells.
Your spell library contained the following spells:

 Spells                   Type           Power      Damage    Failure   Level
 Blink                    Tloc           0%         N/A       52%         2
 Ensorcelled Hibernation  Hex/Ice        0%         N/A       52%         2
 Lesser Beckoning         Tloc           0%         N/A       52%         2
 Momentum Strike          Conj/Tloc      0%         3d8       52%         2
 Passwall                 Tmut/Erth      0%         N/A       52%         2
 Swiftness                Air            0%         N/A       75%         3
 Tukima's Dance           Hex            0%         N/A       75%         3
 Vhi's Electric Charge    Tloc/Air       0%         N/A       75%         3
 Passage of Golubria      Tloc           0%         N/A       98%         4
 Arcjolt                  Conj/Air       0%         1d10      100%        5
 Metabolic Englaciation   Hex/Ice        0%         N/A       100%        5
 Summon Forest            Summ/Tloc      0%         N/A       100%        5
 Summon Mana Viper        Hex/Summ       0%         N/A       100%        5
 Eringya's Noxious Bog    Tmut/Pois      0%         N/A       100%        6
 Plasma Beam              Fire/Air       0%         2x1d11    100%        6
 Summon Cactus Giant      Summ           0%         N/A       100%        6
 Summon Hydra             Summ           0%         N/A       100%        7


Dungeon Overview and Level Annotations

Branches:
Dungeon (10/15)            Temple (1/1) D:4            Lair (2/5) D:9
    Orc (0/2) D:9           Sewer (visited)          Bailey (visited)
  Swamp: Lair:2-3    Shoals: Lair:2-3     Snake: Lair:2-3    Spider: Lair:2-3

Altars:
Ashenzari
Cheibriados
Dithmenos
Fedhas
Gozag
Hepliaklqana
Kikubaaqudgha
Makhleb
Nemelex Xobeh
Okawaru
Qazlal
Ru
Sif Muna
Trog
Uskayaw
Vehumet
Wu Jian
Xom
Yredelemnul

Shops:
D:1 (   D:4 *   D:9 *

Annotations:
D:9 3 runed translucent doors, Brasilia's ghost, journeyman OpWn
Lair:1 3 runed translucent doors, Jeffwins's ghost, journeyman HuWn
Lair:2 Nergalle


Innate Abilities, Weirdness & Mutations

You frequently emit foul miasma when damaged in melee.
You are robust. (+10% HP)
You are partially covered in razor-sharp scales. (AC +1, Slay +1)
A meltable shield of frost defends you. (SH +4)
Your touch may irresistibly damage your foes and sap their willpower.
You have a pair of small antennae on your head.
You have sharp toenails.
Your magical capacity is low. (-10% MP)
You passively map a small area around you.
You passively dampen the noise of your surroundings.


Message History

an elephant corpse; a cane toad corpse
W - a scroll of identify You now have 1078 gold pieces (gained 11).
Nergalle the Soulbinder comes into view.
She is wielding a +0 dagger.
Nergalle shouts!
Nergalle is nearby!
Nergalle is nearby!
As you read the scroll of identify, it crumbles to dust.
E - a potion of cancellation
Found 8 stones and a flail.
Nergalle gestures at you while chanting.
The bolt of negative energy hits you!!
You feel drained. Nergalle hits you but does no damage.
You puncture Nergalle!
Nergalle is lightly wounded.
Nergalle hits you but does no damage.
You hit Nergalle.
Nergalle is lightly wounded.
You block Nergalle's attack.
You closely miss Nergalle. You claw Nergalle, but do no damage.
Nergalle is lightly wounded.
Nergalle casts a spell at you. The bolt of negative energy hits you!!!
You feel drained.
You sock Nergalle! Your kick misses Nergalle.
Nergalle is moderately wounded.
Nergalle hits you with a +0 dagger.
You barely miss Nergalle. You claw Nergalle, but do no damage.
Nergalle is moderately wounded.
Nergalle points at you and mumbles some strange words.
The bolt of negative energy hits you!!
You feel drained.
* * * LOW HITPOINT WARNING * * *
Unknown command.
Throw: 11 throwing nets
Press: ? - help, Shift-Dir - straight line, f - Nergalle
Aim: Nergalle, wielding a +0 dagger and wearing a +0 robe (moderately wounded, 62% to hit)
You throw a throwing net.
The throwing net barely misses Nergalle.
Nergalle points at you and mumbles some strange words.
The bolt of negative energy hits you!!
You feel drained.
You die...

#...# , , *,.[. #...#
....##..###..... ##.P#
................. ## #.##
..#####.#........ ##.### P.# #*
...## * #........ ..(... ..PP##.
..#.# ##....PPP+#...... .......
..### #....P........P)#* *.##.#.
..## ##........o...P.. .... ...#
#....#...@......P #..# ..##
#....#........#(. .,.. ..#
##..............# , ##. ..####
#P...#........#...........
#..P.##.....#.P####+........#...#
.................................
#................###...#......#.#
........#.#.......###..#.........
.......###.#.....###P.......P....


You could see Nergalle.

Vanquished Creatures
  2 two-headed ogres
  A boulder beetle (Lair:1)
  The ghost of BlueFalcon the Cleaver, a novice DsGl of Kikubaaqudgha (D:8)
  Pikel (D:5)
  A manticore (Lair:1)
  4 elephants (Lair:2)
  7 cane toads
  A gargoyle (D:10)
  3 rime drakes (Lair:1)
  2 komodo dragons
  3 trolls
  Prince Ribbit (D:9)
  A wraith (D:8)
  A shadow (D:10)
  6 yaks (D:9)
  2 basilisks
  2 wyverns
  A steam dragon (Lair:2)
  2 acid dragons (D:10)
  Grum (Bailey)
  5 water moccasins
  Edmund (D:6)
  A warg (D:9)
  8 orc warriors
  An ice beast (D:5)
  3 black bears
  3 ogres
  2 centaurs
  A phantom (D:4)
  2 lemures (D:5)
  9 wolves
  10 bullfrogs
  2 kobold brigands
  9 gnoll sergeants
  3 scorpions
  5 wights
  8 killer bees
  3 electric eels
  6 hounds
  A jelly (D:5)
  7 gnoll boudas
  7 orc priests
  A sleepcap (D:4)
  Jessica (D:3)
  4 iguanas
  13 orc wizards
  Robin (D:3)
  27 gnolls
  2 river rats (D:3)
  12 adders
  A shadow imp (D:8)
  2 white imps
  An ufetubus (D:7)
  A worm (D:3)
  2 dart slugs
  60 orcs
  9 ball pythons
  6 bats
  15 endoplasms
  7 giant cockroaches
  18 goblins
  17 hobgoblins
  5 jackals
  13 kobolds
  8 quokkas
  11 frilled lizards
  2 rats
379 creatures vanquished.

Vanquished Creatures (collateral kills)
  2 elephants (Lair:2)
2 creatures vanquished.

Vanquished Creatures (others)
  A fungus (D:9)
  4 plants
5 creatures vanquished.

Grand Total: 386 creatures vanquished

Notes
Turn   | Place    | Note
-------+----------+-------------------------------------------
     0 | D:1      | Newt the Demonspawn Gladiator began the quest for the Orb.
     0 | D:1      | Reached XP level 1. HP: 16/16 MP: 1/1
   283 | D:1      | Gained mutation: You may rarely emit foul miasma when
                  | damaged in melee. [demonic ancestry]
   283 | D:1      | Reached XP level 2. HP: 23/23 MP: 2/2
   383 | D:1      | Found Davvubbacw's Weapon Shop.
  1176 | D:2      | Gained mutation: You sometimes emit foul miasma when
                  | damaged in melee. [demonic ancestry]
  1176 | D:2      | Reached XP level 3. HP: 27/29 MP: 3/3
  1290 | D:2      | Found a faded altar of an unknown god.
  1533 | D:3      | Noticed Robin
  1547 | D:3      | Gained mutation: Your touch may inflict minor irresistible
                  | damage on your foes. [demonic ancestry]
  1547 | D:3      | Reached XP level 4. HP: 27/37 MP: 4/4
  1550 | D:3      | Killed Robin
  1629 | D:3      | Noticed Jessica
  1634 | D:3      | Killed Jessica
  1798 | D:3      | Gained mutation: You are partially covered in razor-sharp
                  | scales. (AC +1, Slay +1) [demonic ancestry]
  1798 | D:3      | Reached XP level 5. HP: 29/42 MP: 5/5
  1810 | D:3      | Found a glowing drain.
  1815 | Sewer    | Entered a sewer
  2322 | Sewer    | Reached skill level 5 in Short Blades
  2322 | Sewer    | Reached XP level 6. HP: 39/48 MP: 6/6
  2523 | D:3      | Found a sparkling altar of Nemelex Xobeh.
  3272 | D:4      | Gained mutation: You frequently emit foul miasma when
                  | damaged in melee. [demonic ancestry]
  3272 | D:4      | Reached XP level 7. HP: 54/54 MP: 7/7
  3428 | D:4      | Reached skill level 5 in Fighting
  3749 | D:4      | Found Urayl's Assorted Antiques.
  3877 | D:4      | Identified the +4 scale mail "Ximudgha" {Stlth+}
  4059 | D:4      | Found a staircase to the Ecumenical Temple.
  4075 | Temple   | Entered the Ecumenical Temple
  4220 | Temple   | Became a worshipper of Makhleb the Destroyer
  4606 | D:5      | Entered Level 5 of the Dungeon
  4633 | D:5      | Gained mutation: Your touch may inflict irresistible damage
                  | on your foes. [demonic ancestry]
  4633 | D:5      | Reached XP level 8. HP: 62/64 MP: 8/8
  4774 | D:5      | Reached skill level 1 in Armour
  4942 | D:5      | Noticed Pikel
  4982 | D:5      | Killed Pikel
  4983 | D:5      | Reached skill level 5 in Armour
  5273 | D:4      | Bought a faintly glowing morningstar for 279 gold pieces
  5273 | D:4      | Identified the +2 morningstar "Kahijeh" {elec, rC++ Will++
                  | Dex-2} (You bought it in a shop on level 4 of the Dungeon)
  5911 | D:6      | Gained mutation: Your touch may irresistibly damage your
                  | foes and sap their willpower. [demonic ancestry]
  5911 | D:6      | Reached XP level 9. HP: 69/69 MP: 9/9
  5912 | D:6      | Noticed Edmund
  5923 | D:6      | Killed Edmund
  6291 | D:6      | Found a runed translucent door.
  6549 | D:6      | Reached * piety under Makhleb
  6579 | D:6      | HP: 1/69 [orc warrior/bolt (17)]
  7055 | D:7      | Found a sacrificial altar of Ru.
  7115 | D:7      | Found a flagged portal.
  7134 | Bailey   | Entered a bailey
  7681 | Bailey   | Reached skill level 1 in Maces & Flails
  8078 | Bailey   | Reached ** piety under Makhleb
  8413 | Bailey   | Noticed Grum
  8418 | Bailey   | Killed Grum
  8479 | Bailey   | Identified the +3 chain mail of Midnight {rElec Str+3
                  | Int+2}
  8519 | Bailey   | Reached XP level 10. HP: 76/76 MP: 10/10
  8548 | Bailey   | Reached skill level 5 in Maces & Flails
  8846 | Bailey   | Got Pankawif's Textbook on Dislocation and Maleficia
  9228 | D:7      | Found a hazy altar of Hepliaklqana.
  9383 | D:7      | Found an iron altar of Okawaru.
  9549 | D:8      | Noticed a two-headed ogre
  9557 | D:8      | Killed a two-headed ogre
  9760 | D:8      | Noticed BlueFalcon's ghost (novice DsGl)
  9771 | D:8      | Found a runed translucent gate.
  9771 | D:8      | Found a runed translucent gate.
  9879 | D:8      | Found a stormy altar of Qazlal.
 10144 | D:8      | Found a runed translucent gate.
 10383 | D:8      | Gained mutation: You have a pair of small horns on your
                  | head. [potion of mutation]
 10384 | D:8      | Lost mutation: You have a pair of small horns on your head.
                  | [potion of mutation]
 10384 | D:8      | Gained mutation: You are somewhat resistant to further
                  | mutation. [potion of mutation]
 10385 | D:8      | Lost mutation: You are somewhat resistant to further
                  | mutation. [potion of mutation]
 10385 | D:8      | Gained mutation: You have hidden genetic potential. [potion
                  | of mutation]
 10385 | D:8      | Gained mutation: Your magical capacity is low. (-10% MP)
                  | [potion of mutation]
 10385 | D:8      | Gained mutation: You have a pair of small antennae on your
                  | head. [potion of mutation]
 10385 | D:8      | Gained mutation: You passively map a small area around you.
                  | [potion of mutation]
 10397 | D:8      | Reached *** piety under Makhleb
 10414 | D:8      | Killed BlueFalcon's ghost
 10470 | D:9      | Noticed Prince Ribbit
 10488 | D:9      | Killed Prince Ribbit
 10489 | D:9      | Reached skill level 5 in Throwing
 10509 | D:9      | Noticed a two-headed ogre
 10538 | D:9      | Killed a two-headed ogre
 10545 | D:9      | Gained mutation: You are robust. (+10% HP) [demonic
                  | ancestry]
 10545 | D:9      | Reached XP level 11. HP: 73/89 MP: 9/9
 10593 | D:9      | Found a staircase to the Orcish Mines.
 10658 | D:9      | Found Feimagho's Fabulous Fripperies.
 10805 | D:9      | Found a staircase to the Lair.
 10924 | D:9      | Reached **** piety under Makhleb
 10946 | D:9      | Reached skill level 5 in Evocations
 11113 | D:9      | Found a runed translucent gate.
 11113 | D:9      | Found a runed translucent gate.
 11113 | D:9      | Found a runed translucent gate.
 11114 | D:9      | Noticed Brasilia's ghost (journeyman OpWn)
 11459 | D:10     | Entered Level 10 of the Dungeon
 11495 | D:10     | Found an opulent altar of Gozag.
 11506 | D:10     | Gained mutation: You have sharp toenails. [hidden
                  | potential]
 11821 | D:10     | Reached ***** piety under Makhleb
 12279 | Lair:1   | Entered Level 1 of the Lair of Beasts
 12425 | Lair:1   | Noticed a boulder beetle
 12439 | Lair:1   | Killed a boulder beetle
 12440 | Lair:1   | Reached skill level 3 in Invocations
 12441 | Lair:1   | Reached skill level 4 in Invocations
 12611 | Lair:1   | Reached skill level 5 in Invocations
 12623 | Lair:1   | Reached skill level 6 in Invocations
 12627 | Lair:1   | Reached skill level 7 in Invocations
 13190 | Lair:1   | Found a runed translucent gate.
 13190 | Lair:1   | Found a runed translucent gate.
 13190 | Lair:1   | Found a runed translucent gate.
 13191 | Lair:1   | Noticed Jeffwins's ghost (journeyman HuWn)
 13215 | Lair:1   | Reached skill level 8 in Invocations
 13312 | Lair:1   | You fall into a shaft and drop 1 floor!
 13605 | Lair:2   | Reached skill level 9 in Invocations
 13652 | Lair:2   | Gained mutation: A meltable shield of frost defends you.
                  | (SH +4) [demonic ancestry]
 13652 | Lair:2   | Reached XP level 12. HP: 91/96 MP: 15/16
 13729 | Lair:2   | Reached skill level 10 in Invocations
 13865 | Lair:2   | Reached skill level 11 in Invocations
 13867 | Lair:2   | Gained mutation: You passively dampen the noise of your
                  | surroundings. [hidden potential]
 13867 | Lair:2   | Lost mutation: You have hidden genetic potential. [hidden
                  | potential expressed]
 13933 | Lair:2   | Noticed Nergalle
 13943 | Lair:2   | Killed from afar by Nergalle

Illustrated notes

Levels and vault maps discovered:
D:1:      sevenhm_arrival_forest_fort_small_4, layout_basic, serial_shops,
          nicolae_shop_bloodbath_and_beyond, serial_forest,
          infiniplex_forest_lined_3, infiniplex_forest_clump_small,
          infiniplex_forest_lined_2, infiniplex_forest_clump_large,
          infiniplex_forest_end_3
D:2:      layout_rooms, ebering_ecumenical_altar_sacrificial
D:3:      layout_loops_corners, nemelex_spade_bored_becter,
          lightli_sewer_entry_pipes, uniq_robin, uniq_jessica
D:4:      cheibrodos_barr_body, layout_basic, temple_fountains, serial_shops,
          shop, nicolae_zen_rock_garden
D:5:      layout_basic, hangedman_decor_diamond_cutter, uniq_pikel
D:6:      layout_cave_pools, lightli_church_of_beogh, uniq_edmund
D:7:      layout_rooms, amcnicky_altar_gilded,
          mainiacjoe_overflow_cross_hatched, worldfamousw_hep_ancestral_shrine,
          enter_bailey_3
D:8:      layout_cave_pods, mainiacjoe_overflow_six_doors_small,
          gammafunk_ghost_split
D:9:      layout_roguey, lair_entry_dummy, erik_orc_3, special_room
          [special_room_orc], gammafunk_ghost_nasty_kobolds,
          nicolae_alphabet_shops, water_maze_lemuel, uniq_grum,
          uniq_prince_ribbit1
D:10:     layout_basic, nicolae_gozag_seed_capital
Temple:   nicolae_temple_bog_church
Lair:1:   layout_layer_cave, gammafunk_ghost_necromancy,
          pdpol_lair_cavern_descent, grunt_megastairs_3
Lair:2:   layout_chaotic_city, minivault_27, lemuel_fruit_tree,
          grunt_megastairs_5, uniq_nergalle

Skill      XL: |  1  2  3  4  5  6  7  8  9 10 11 12 |
---------------+-------------------------------------+-----
Fighting       | 3 4 6 |  6.0
Short Blades   | 3 4 5 |  5.7
Dodging        | 4 |  4.0
Throwing       | 2 4 6 |  6.0
Armour         | 6 8 |  8.7
Maces & Flails | 4 8 9 |  9.2
Evocations     | 2 6 |  6.0
Invocations    | 9 11 | 11.9

Action                     |  1- 3 |  4- 6 |  7- 9 | 10-12 || total
---------------------------+-------+-------+-------+-------++-------
  Melee: Rapier            |    89 |       |       |       ||    89
         Punch             |     1 |     2 |     4 |     6 ||    13
         Short sword       |    46 |   216 |   104 |       ||   366
         Touch             |       |    23 |    51 |    69 ||   143
         Whip              |       |       |    36 |       ||    36
         Morningstar       |       |       |   143 |   385 ||   528
         Kick              |       |       |       |    61 ||    61
  Throw: Javelin           |     1 |       |     5 |       ||     6
         Boomerang         |       |       |    57 |    33 ||    90
         Dart              |       |       |    21 |    17 ||    38
         Throwing net      |       |       |     3 |     3 ||     6
 Invoke: Lesser Servant of |       |       |       |     1 ||     1
  Evoke: Wand              |       |       |     3 |     6 ||     9
    Use: Scroll            |     8 |     2 |     6 |     9 ||    25
         Potion            |       |       |     8 |    10 ||    18
   Stab: Sleeping          |     1 |       |       |       ||     1
         Invisible         |       |       |       |     2 ||     2
 Armour: Leather armour    |    54 |    59 |   107 |     3 ||   223
         Chain mail        |       |       |       |   153 ||   153
         Troll leather arm |       |       |       |    44 ||    44
  Dodge: Dodged            |    97 |   105 |   351 |   254 ||   807
  Block: Other             |       |       |       |     6 ||     6

Table legend: (Time is in decaauts)
 A = Elapsed time spent in this place.
 B = Non-inter-level travel time spent in this place.
 C = Inter-level travel time spent in this place.
 D = Time resting spent in this place.
 E = Time spent auto-exploring this place.
 F = Levels seen in this place.
 G = Mean time per level.
                   A        B        C        D        E       F      G
               +--------+--------+--------+--------+--------+-----+--------+
         Total |  14110 |  13493 |    617 |   1995 |   8732 |  15 |  940.7 |
       Dungeon |   9726 |   9162 |    564 |    554 |   6772 |  10 |  972.6 |
        Temple |    167 |    149 |     18 |      0 |    126 |   1 |  167.0 |
          Lair |   1675 |   1642 |     33 |    309 |   1036 |   2 |  837.5 |
         Sewer |    629 |    629 |      0 |      0 |    415 |   1 |  629.0 |
        Bailey |   1911 |   1911 |      0 |   1132 |    383 |   1 | 1911.0 |
               +--------+--------+--------+--------+--------+-----+--------+

Top non-repeatable levels by time:
  Bailey: 1911 daAuts
     D:4: 1336 daAuts
     D:6: 1263 daAuts
  Lair:1: 1242 daAuts
     D:5: 1163 daAuts
     D:3: 1070 daAuts
     D:9: 1048 daAuts
     D:1: 1040 daAuts
     D:8: 967 daAuts
    D:10: 776 daAuts
   Sewer: 629 daAuts
     D:7: 617 daAuts
     D:2: 442 daAuts
  Lair:2: 433 daAuts
  Temple: 167 daAuts
